 Dungeon Crawl Stone Soup version 0.27.1-34-g3ba077fa99 (webtiles) character file.

Game seed: 10184912469856617253

11664 belegose the Thaumaturge (level 11, -4/76 HPs)
             Began as a Mummy Artificer on Jan 9, 2022.
             Was a Priest of Makhleb.
             Slain by a freezing wraith (8 damage)
             ... led by a death knight
             ... on level 11 of the Dungeon.
             The game lasted 00:48:41 (17672 turns).

belegose the Thaumaturge (Mummy Artificer)         Turns: 17672, Time: 00:48:42

Health: -4/76      AC: 15    Str: 15    XL:     11   Next: 52%
Magic:  23/23      EV: 12    Int: 15    God:    Makhleb [***...]
Gold:   1021       SH:  7    Dex: 12    Spells: 21/27 levels left

rFire    . . .     SeeInvis .   a - +9 dagger "Gikyxim" {freeze, Fragile rF+ rN++ rCorr}
rCold    + . .     Faith    .   E - +2 buckler
rNeg     + + +     Spirit   .   I - +0 acid dragon scales
rPois    ∞         Reflect  .   s - +2 hat
rElec    .         Harm     .   K - +0 cloak
rCorr    +         Rampage  .   x - +0 pair of gloves
Will     +....                  (no boots)
Stlth    ++........             r - amulet of the acrobat
HPRegen  0.22/turn              t - +4 ring of slaying
MPRegen  0.18/turn              D - +4 ring of protection

@: slowed, very slow
A: cold resistance 1, negative energy resistance 3, torment resistance 2, heat
vulnerability 1, no potions
a: Renounce Religion, Minor Destruction, Lesser Servant of Makhleb


You were on level 11 of the Dungeon.
You worshipped Makhleb.
Makhleb was most pleased with you.
You visited 2 branches of the dungeon, and saw 13 of its levels.
You also visited: Sewer and Bailey.

You collected 1021 gold pieces.

Inventory:

Hand Weapons
 a - the +9 dagger "Gikyxim" (weapon) {freeze, Fragile rF+ rN++ rCorr}
   (You found it on level 4 of the Dungeon)

   It freezes those it strikes, dealing additional cold damage.
   It can also slow down cold-blooded creatures.
   rF:        It protects you from fire.
   rN:        It greatly protects you from negative energy.
   rCorr:     It protects you from acid and corrosion.
   Fragile:   It will be destroyed if unequipped.
 B - a +0 dagger of venom
 M - the +5 long sword of Fedhas's Supremacy {flame, Fly rC+ Int+2}
   (You found it on level 11 of the Dungeon)

   It burns those it strikes, dealing additional fire damage.
   Big, fiery blades are also staple armaments of hydra-hunters.
   Int:       It affects your intelligence (+2).
   rC:        It protects you from cold.
   Fly:       It grants you flight.
Missiles
 j - 333 stones
 l - 49 poisoned darts (quivered)
 y - 2 throwing nets
 z - 43 boomerangs
 J - 5 curare-tipped darts
Armour
 s - a +2 hat (worn)
 x - a +0 pair of gloves (worn)
 E - a +2 buckler (worn)
 I - +0 acid dragon scales (worn)
 K - a +0 cloak (worn)
Magical Staves
 L - a staff of fire
Jewellery
 h - a ring of flight
 r - an amulet of the acrobat (around neck)
 t - a +4 ring of slaying (left hand)
 D - a +4 ring of protection (right hand)
Wands
 c - a wand of flame (28)
 d - a wand of charming (26)
 o - a wand of polymorph (6)
 C - a wand of digging (7)
 H - a wand of paralysis (5)
Scrolls
 b - 2 scrolls of vulnerability {unknown}
 f - 8 scrolls of teleportation {unknown}
 g - 6 scrolls of fog {unknown}
 i - 2 scrolls of torment {unknown}
 k - 10 scrolls of identify {unknown}
 m - a scroll of enchant weapon {unknown}
 n - 5 scrolls of fear {unknown}
 p - 2 scrolls of amnesia {unknown}
 q - 10 scrolls of magic mapping {unknown}
 u - 5 scrolls of blinking {unknown}
 v - a scroll of immolation {unknown}
 F - a scroll of noise {unknown}
 G - a scroll of acquirement {unknown}
Miscellaneous
 e - a piece from Xom's chessboard (14/15)


   Skills:
 - Level 3.7 Fighting
 - Level 4.8 Short Blades
 + Level 3.6 Armour
 - Level 3.6 Dodging
 - Level 3.3 Stealth
 - Level 4.0 Shields
 + Level 8.5 Spellcasting
 - Level 6.2 Necromancy
 + Level 2.5 Translocations
 - Level 3.0 Air Magic
 - Level 2.9 Poison Magic
 - Level 7.0 Invocations
 - Level 4.7 Evocations


You had 21 spell levels left.
You knew the following spells:

 Your Spells              Type           Power      Damage    Failure   Level
a - Animate Skeleton      Necr           50%        N/A       1%          1
b - Pain                  Necr           100%       1d9       1%          1
c - Blink                 Tloc           N/A        N/A       9%          2
d - Poisonous Vapours     Pois/Air       30%        N/A       7%          2

Your spell library contained the following spells:

 Spells                   Type           Power      Damage    Failure   Level
 Vampiric Draining        Necr           12%        2d7       3%          3
 Sting                    Tmut/Pois      40%        1d5       9%          1
 Magic Dart               Conj           24%        1d4       16%         1
 Sandblast                Erth           12%        2d6       16%         1
 Lesser Beckoning         Tloc           6%         N/A       17%         3
 Mephitic Cloud           Conj/Pois/Air  12%        N/A       21%         3
 Call Imp                 Summ           6%         N/A       24%         2
 Ensorcelled Hibernation  Hex/Ice        12%        N/A       24%         2
 Passwall                 Tmut/Erth      5%         N/A       24%         2
 Searing Ray              Conj           12%        3d3       24%         2
 Agony                    Necr           25%        N/A       32%         5
 Excruciating Wounds      Necr           12%        N/A       32%         5
 Olgreb's Toxic Radiance  Pois           15%        N/A       41%         4
 Fulminant Prism          Conj/Hex       3%         3d6       83%         4
 Manifold Assault         Tloc           13%        N/A       83%         5
 Lee's Rapid Deconstruct  Erth           3%         3d6*      99%         5
 Shadow Creatures         Summ           N/A        N/A       100%        6
 Ozocubu's Refrigeration  Ice            3%         4d5       100%        7
 Ignition                 Fire           3%         3d4       100%        8
 Spider Form              Tmut/Pois      Unusable   N/A       N/A         3

Dungeon Overview and Level Annotations

Branches:
Dungeon (12/15)            Temple (1/1) D:5            Lair (0/6) D:8
  Sewer (visited)          Bailey (visited)
    Orc: D:9-12

Altars:
Ashenzari
Fedhas
Hepliaklqana
Kikubaaqudgha
Makhleb
Sif Muna
Wu Jian
Xom
Yredelemnul
Jiyva

Shops:
D:4 :   D:9 =:   D:12 :

Annotations:
D:6 3 runed translucent doors, exclusion: 3 doors, comborobin's ghost, weakling GnDe
D:7 2 transporters, exclusions: 2 lava snakes and 3 more exclusions, belegose's ghost, novice OgBe
D:9 3 runed translucent doors, exclusion: 3 doors, Ekaitz's ghost, novice DEEE
D:11 exclusion: 2 skeletal warriors


Innate Abilities, Weirdness & Mutations

You are immune to poison.
Your flesh is cold resistant. (rC+)
You are immune to negative energy. (rN+++)
You are immune to unholy pain and torment.
You are vulnerable to heat. (rF-)
You do not drink.


Message History

The puff of flame hits the freezing wraith but does no damage.
The freezing wraith is severely damaged.
You barely miss the freezing wraith.
The freezing wraith is severely damaged.
You closely miss the freezing wraith.
The freezing wraith is severely damaged.
The freezing wraith closely misses you. The freezing wraith misses you.
You puncture the freezing wraith!
The freezing wraith is almost destroyed.
The freezing wraith barely misses you. The freezing wraith hits you.
The freezing wraith drains your vigour!
You feel yourself slow down.
You closely miss the freezing wraith.
The freezing wraith is almost destroyed.
The freezing wraith hits you. The freezing wraith freezes you! You resist.
The freezing wraith barely misses you.
You hit the freezing wraith but do no damage.
The freezing wraith is almost destroyed.
The freezing wraith hits you. The freezing wraith freezes you. You resist.
* * * LOW HITPOINT WARNING * * *
The freezing wraith hits you but does no damage.
You barely miss the freezing wraith.
The freezing wraith is almost destroyed.
The freezing wraith hits you!
* * * LOW HITPOINT WARNING * * *
The freezing wraith freezes you! You resist.
* * * LOW HITPOINT WARNING * * *
The freezing wraith closely misses you.
You don't have any such object.
Evoke which item? (* to show all) (? for menu, Esc to quit)
You don't have any such object.
Evoke which item? (* to show all) (? for menu, Esc to quit)
Okay, then.
Unknown command.
Unknown command.
Aiming: Paralyse
Press: ? - help, Shift-Dir - straight line, f/p - freezing wraith
Aim: a freezing wraith (almost destroyed, chance to affect: 42%)
The freezing wraith resists with some effort.
The freezing wraith hits you!
You die...

#...#..##
#.................#
#####..#
####'#############.##
...#..## #....# #..#
..##)## ##'###########
##.## ###..#
#............# #..#
#)).## #............#
##.###
'########............#
#....
.......##............#
##.##
.......##.......@.####
#.(.#
........#......W..#
##...#
........#.........#
#.#.#.
........#.........#
#..#..
........(.........#
#.#.#.
.......##...).....#
##...#
.......##.>.......#
#...#
'################.#
##...# .# #.# #.#.#.


You could see a freezing wraith.

Vanquished Creatures
  A hydra (D:12)
  Erolcha (D:9)
  Sonja (D:10)
  A phantasmal warrior (D:11)
  A cyclops (D:11)
  An ugly thing (D:7)
  2 gargoyles
  A komodo dragon (D:11)
  2 trolls
  Grinder (D:4)
  A shadow (D:9)
  3 wyverns
  2 vampires
  14 yaks
  3 acid dragons
  A water moccasin (D:8)
  5 orc warriors
  A black bear (D:7)
  A swamp drake (D:9)
  An ice beast (D:6)
  A sky beast (D:5)
  2 ogres
  3 centaurs
  2 phantoms (D:5)
  A kobold brigand (Sewer)
  2 bullfrogs (D:7)
  A wyvern zombie (D:8)
  A scorpion (D:5)
  A water moccasin skeleton (D:5)
  3 howler monkeys
  2 wights (D:7)
  3 centaur zombies
  A jelly (D:5)
  A bullfrog skeleton (D:5)
  3 hounds
  7 orc priests
  An iguana (D:7)
  Ijyb (D:5)
  6 orc wizards
  A hound skeleton (D:4)
  6 adders
  3 gnolls (Bailey)
  2 shadow imps
  2 white imps
  A worm (D:6)
  A dart slug (D:2)
  40 orcs
  8 bats
  9 endoplasms
  3 giant cockroaches
  12 hobgoblins
  5 jackals
  2 quokkas
  7 ball pythons
  2 frilled lizards
  11 goblins
  32 kobolds
  14 rats
247 creatures vanquished.

Vanquished Creatures (collateral kills)
  A skeletal warrior (D:11)
  A wight (D:7)
  An orc priest (D:11)
  5 orcs (D:11)
  A goblin (Bailey)
  A jackal (D:1)
10 creatures vanquished.

Vanquished Creatures (others)
  2 orc warriors
  A jackal (D:1)
  3 plants (Sewer)
6 creatures vanquished.

Grand Total: 263 creatures vanquished

Notes
Turn   | Place    | Note
-------+----------+-------------------------------------------
     0 | D:1      | belegose the Mummy Artificer began the quest for the Orb.
     0 | D:1      | Reached XP level 1. HP: 15/15 MP: 1/1
   301 | D:1      | Reached skill level 1 in Stealth
   591 | D:1      | Reached XP level 2. HP: 21/21 MP: 2/2
  1081 | D:1      | Found a faded altar of an unknown god.
  1528 | D:2      | Reached XP level 3. HP: 23/27 MP: 3/3
  2100 | D:2      | Reached XP level 4. HP: 24/33 MP: 4/4
  2933 | D:3      | Reached skill level 1 in Short Blades
  3351 | D:3      | Reached XP level 5. HP: 26/39 MP: 5/5
  3706 | D:4      | Identified the +9 dagger "Gikyxim" {freeze, Fragile rF+
                  | rN++ rCorr}
  3741 | D:4      | Noticed Grinder
  4196 | D:4      | Noticed an orc warrior
  4464 | D:4      | Found Wenoywn's Book Shoppe.
  4613 | D:4      | Reached XP level 6. HP: 37/47 MP: 6/6
  4749 | D:4      | Paralysed by Grinder for 4 turns
  4757 | D:4      | Paralysed by Grinder for 5 turns
  4763 | D:4      | Killed Grinder
  4909 | D:4      | Found a burning altar of Makhleb.
  5014 | D:4      | Became a worshipper of Makhleb the Destroyer
  5043 | D:5      | Entered Level 5 of the Dungeon
  5123 | D:5      | Learned a level 1 spell: Animate Skeleton
  5125 | D:5      | Learned a level 1 spell: Pain
  5141 | D:5      | Noticed Ijyb
  5154 | D:5      | Killed Ijyb
  5453 | D:5      | Reached XP level 7. HP: 50/53 MP: 7/7
  5490 | D:5      | Reached skill level 1 in Necromancy
  5490 | D:5      | Reached skill level 1 in Invocations
  5676 | D:5      | Found a blossoming altar of Fedhas.
  5994 | D:5      | Found a basalt altar of Yredelemnul.
  6597 | D:5      | Found a staircase to the Ecumenical Temple.
  6620 | D:5      | Reached skill level 1 in Shields
  6620 | D:5      | Reached XP level 8. HP: 60/60 MP: 9/9
  6623 | Temple   | Entered the Ecumenical Temple
  6835 | D:6      | Found a glowing drain.
  6866 | Sewer    | Entered a sewer
  6960 | Sewer    | Reached * piety under Makhleb
  8690 | D:6      | Found a runed translucent gate.
  8690 | D:6      | Found a runed translucent gate.
  8691 | D:6      | Found a runed translucent gate.
  8692 | D:6      | Noticed comborobin's ghost (weakling GnDe)
  8924 | D:7      | Identified the +5 scale mail of Integrity {Drain Str+2
                  | Dex+4}
  9047 | D:7      | Found a flagged portal.
  9066 | Bailey   | Entered a bailey
  9106 | Bailey   | Noticed an orc warlord
  9129 | Bailey   | Reached ** piety under Makhleb
  9621 | Bailey   | Found a runed translucent gate.
  9623 | Bailey   | Found a runed translucent gate.
  9625 | Bailey   | Found a runed translucent gate.
  9675 | Bailey   | Reached XP level 9. HP: 26/65 MP: 12/12
 10110 | D:7      | Reached skill level 5 in Necromancy
 10325 | D:7      | Found a transporter.
 10329 | D:7      | Noticed belegose's ghost (novice OgBe)
 10331 | D:7      | Noticed a moth of wrath
 10332 | D:7      | Noticed a four-headed hydra
 10346 | D:7      | Found a transporter.
 10534 | D:7      | Noticed a purple ugly thing
 10543 | D:7      | Killed a purple ugly thing
 10544 | D:7      | Reached skill level 5 in Invocations
 11005 | D:8      | Reached skill level 1 in Dodging
 11005 | D:8      | Reached skill level 1 in Spellcasting
 11471 | D:8      | Found a staircase to the Lair.
 11592 | D:8      | Learned a level 2 spell: Blink
 11595 | D:8      | Learned a level 2 spell: Poisonous Vapours
 11811 | D:9      | Reached skill level 2 in Spellcasting
 11867 | D:9      | Reached skill level 3 in Spellcasting
 12081 | D:9      | Found Nuj Upt's Book Shop.
 12360 | D:9      | Reached XP level 10. HP: 43/71 MP: 15/15
 12541 | D:9      | Noticed Erolcha
 12915 | D:9      | Noticed a two-headed ogre
 13004 | D:9      | Killed Erolcha
 13005 | D:9      | Reached skill level 4 in Spellcasting
 13120 | D:9      | Found Peus's Jewellery Emporium.
 13242 | D:9      | Found a runed translucent gate.
 13242 | D:9      | Found a runed translucent gate.
 13242 | D:9      | Found a runed translucent gate.
 13246 | D:9      | Found a viscous altar of Jiyva.
 13246 | D:9      | Noticed Ekaitz's ghost (novice DEEE)
 13706 | D:10     | Entered Level 10 of the Dungeon
 13922 | D:9      | Reached skill level 5 in Spellcasting
 14224 | D:10     | Noticed a gargoyle
 14237 | D:10     | Killed a gargoyle
 14237 | D:10     | Reached *** piety under Makhleb
 14494 | D:10     | Found a shimmering blue altar of Sif Muna.
 14494 | D:10     | Found a shimmering altar of Xom.
 14500 | D:10     | Found an ancient bone altar of Kikubaaqudgha.
 14502 | D:10     | Found an ornate altar of the Wu Jian Council.
 14503 | D:10     | Found a hazy altar of Hepliaklqana.
 15140 | D:10     | Reached skill level 6 in Spellcasting
 15150 | D:10     | Reached skill level 1 in Air Magic
 15150 | D:10     | Reached skill level 1 in Poison Magic
 15202 | D:10     | Noticed Sonja
 15217 | D:10     | Killed Sonja
 15218 | D:10     | Reached XP level 11. HP: 57/76 MP: 19/21
 15673 | D:11     | Found a broken altar of Ashenzari.
 15812 | D:11     | Reached skill level 7 in Spellcasting
 16195 | D:11     | Identified the +5 long sword of Fedhas's Supremacy {flame,
                  | Fly rC+ Int+2}
 16551 | D:11     | Noticed a skeletal warrior
 16692 | D:11     | Noticed a skeletal warrior
 16724 | D:11     | Killed a skeletal warrior
 16725 | D:11     | Reached skill level 1 in Translocations
 17033 | D:12     | Reached skill level 8 in Spellcasting
 17181 | D:12     | Found Ezotec's Book Shop.
 17202 | D:12     | Noticed a six-headed hydra
 17220 | D:12     | Killed a six-headed hydra
 17302 | D:12     | Noticed a skeletal warrior
 17302 | D:12     | Noticed a phantasmal warrior
 17327 | D:11     | Killed a phantasmal warrior
 17671 | D:11     | HP: 3/76 [freezing wraith[a death knight] (7)]
 17672 | D:11     | Slain by a freezing wraith

Illustrated notes

Levels and vault maps discovered:
D:1:      lemuel_arrival_room, layout_rooms, shapermc_ecumenical_altar_ellora,
          grunt_decor_mini_mirrors, hangedman_decor_diamond_cutter
D:2:      layout_rooms, kennysheep_generic_room_16
D:3:      layout_loops_ring, bh_walls_and_bars
D:4:      layout_rooms, lightli_temple_of_fire, serial_shops, shop, uniq_grinder
D:5:      layout_loops_corners, mainiacjoe_overflow_chevrons,
          old_standard_altar, minmay_temple_entry_junction, uniq_ijyb
D:6:      layout_basic, portal_sewer_entry_b, gammafunk_ghost_necromancy
D:7:      layout_loops_ring, gammafunk_ghost_berserking_beasts, enter_bailey_3,
          hangedman_decor_lopped, kennysheep_doodads
D:8:      layout_rooms, lair_entry_dummy
D:9:      layout_long_grid, gammafunk_ghost_ooze, serial_shops, shop,
          nicolae_lakefront_shop, serial_park_tiny_1, uniq_erolcha
D:10:     layout_irregular_city, chequers_temple_overflow_minitemple,
          centaur_isle, uniq_sonja
D:11:     layout_roguey [special_room_orc], nicolae_twisting_strands,
          chequers_serial_rivers_marsh, nicolae_ashenzari_skybound
D:12:     layout_loops_ring, orc_david_3, serial_shops, shop,
          nemelex_spade_bored_becter
Temple:   eino_temple_water

Skill      XL: |  1  2  3  4  5  6  7  8  9 10 11 |
---------------+----------------------------------+-----
Stealth        | 1 2 3 |  3.3
Fighting       | 2 3 |  3.7
Evocations     | 3 4 |  4.7
Short Blades   | 1 2 3 4 |  4.8
Necromancy     | 2 4 6 |  6.2
Invocations    | 2 4 6 7 |  7.0
Shields        | 1 3 4 |  4.0
Dodging        | 2 3 |  3.6
Spellcasting   | 3 6 8 |  8.5
Armour         | 2 3 |  3.6
Air Magic      | 2 3 |  3.0
Poison Magic   | 2 |  2.9
Translocations | 2 |  2.5

Action                   |  1- 3 |  4- 6 |  7- 9 | 10-12 || total
-------------------------+-------+-------+-------+-------++-------
Melee: Short sword       |    92 |    99 |       |       ||   191
       Club              |     5 |       |       |       ||     5
       Dagger            |       |    68 |   425 |   247 ||   740
 Fire: Hunting sling     |    55 |    17 |       |       ||    72
Throw: Dart              |       |       |       |     7 ||     7
 Cast: Pain              |       |       |    15 |    11 ||    26
       Animate Skeleton  |       |       |     5 |       ||     5
Invok: Minor Destruction |       |       |       |     1 ||     1
       Lesser Servant of |       |       |       |     4 ||     4
Evoke: Wand              |     7 |     2 |     8 |    25 ||    42
       Piece from Xom's  |       |       |       |     8 ||     8
 Stab: Sleeping          |     2 |     1 |     9 |     1 ||    13
       Distracted        |       |     1 |       |       ||     1
       Petrified         |       |       |       |     2 ||     2
       Paralysed         |       |       |       |     1 ||     1
Armor: Leather armour    |    35 |    25 |    44 |       ||   104
       Scale mail        |       |       |    84 |    53 ||   137
       Acid dragon scale |       |       |       |    43 ||    43
Dodge: Dodged            |    83 |    85 |   209 |   232 ||   609
Block: Buckler           |       |       |    77 |   135 ||   212
